 Dungeon Crawl Stone Soup version 0.30.1-4-g462c640d31 (webtiles) character file.

Game seed: 15570647223564080499

23 LynnLen the Sneak (level 2, 0/13 HPs)
             Began as a Spriggan Enchanter on Sept 2, 2023.
             Succumbed to an adder's poison
             ... on level 1 of the Dungeon.
             The game lasted 00:02:47 (762 turns).

LynnLen the Sneak (Spriggan Enchanter)               Turns: 762, Time: 00:02:48

Health: 0/13       AC:  2    Str:  4    XL:     2   Next: 72%
Magic:  2/6        EV: 17    Int: 16    God:
Gold:   62         SH:  0    Dex: 15    Spells: 4/6 levels left

rFire   . . .        a - +1 dagger
rCold   . . .        (no shield)
rNeg    . . .        b - +0 robe
rPois   .            (helmet restricted)
rElec   .            (no cloak)
rCorr   .            (gloves unavailable)
SInv    +            (boots unavailable)
Will    .....        (no amulet)
Stlth   +++          (no ring)
HPRegen 0.22/turn    (no ring)
MPRegen 0.10/turn

%: no passive effects
@: brilliant, lethally poisoned (0 -> -2), very quick
A: very small, no large weapons, unfitting armour, see invisible, speed 3
a: no special abilities


You were on level 1 of the Dungeon.
You visited 1 branch of the dungeon, and saw 2 of its levels.

You collected 62 gold pieces.

Inventory:

Hand Weapons
 a - a +1 dagger (weapon)
Armour
 b - a +0 robe (worn)
 i - a +0 buckler
Jewellery
 h - a ring of fire
Scrolls
 d - a scroll of fear {unknown}
 e - 2 scrolls of identify {unknown}
 g - a scroll of enchant weapon {unknown}
 k - a scroll of teleportation {unknown}
Potions
 c - 2 potions of invisibility
 j - a potion of might {unknown}


   Skills:
 + Level 0.3 Fighting
 + Level 1.3 Short Blades
 + Level 2.9 Dodging
 + Level 4.6 Stealth
 + Level 2.8 Spellcasting
 * Level 3.9 Hexes
 * Level 0.8 Ice Magic


You had 4 spell levels left.
You knew the following spells:

 Your Spells              Type           Power      Damage    Failure   Level
a - Ensorcelled Hibernat  Hex/Ice        30%        N/A       11%         2

Your spell library contained the following spells:

 Spells                   Type           Power      Damage    Failure   Level
 Confusing Touch          Hex            22%        N/A       11%         3
 Tukima's Dance           Hex            22%        N/A       11%         3
 Dazzling Flash           Conj/Hex       24%        N/A       26%         3


Dungeon Overview and Level Annotations

Branches:
Dungeon (2/15)

Altars:

Shops:
D:1 (


Innate Abilities, Weirdness & Mutations

You are very small and have problems with some larger weapons.
You are too small for most types of armour.
You have supernaturally acute eyesight. (SInv)
You cover ground extremely quickly. (Speed+++)


Message History

Aiming: Ensorcelled Hibernation (safe; 11% risk of failure)
Press: ? - help, Q - select action Shift-Dir - straight line, f - adder
Aim: an adder (chance to affect: 52%)
The adder resists with significant effort.
You feel sick. The adder bites you but does no damage.
Unknown command.
You hit the adder.
The adder is moderately wounded.
You feel sick. The adder bites you but does no damage. The adder misses you.
Aiming: Ensorcelled Hibernation (safe; 11% risk of failure)
Press: ? - help, Q - select action Shift-Dir - straight line, f/p - adder
Aim: an adder (moderately wounded, chance to affect: 52%)
The adder resists with significant effort.
You feel sick. The adder bites you.
Unknown command.
You hit the adder.
The adder is heavily wounded.
You feel sick. The adder closely misses you.
The goblin hits you with a +0 club.
You don't have enough magic to cast this spell.
You don't have enough magic to cast this spell.
Unknown command.
You feel sick.
You feel sick.
You are no longer poisoned.
The adder closely misses you. The adder bites you.
* * * LOW HITPOINT WARNING * * *
There is a stone staircase leading up here.
The adder bites you.
* * * LOW HITPOINT WARNING * * *
You are lethally poisoned!
The adder poisons you!
You climb upwards.
* * * LOW HITPOINT WARNING * * *
You feel sick.
There is a stone staircase leading down here.
It was a potion of brilliance.
You feel clever all of a sudden.
You die...

......#### #.# #.##.#
.........######.# #.##.#
#####.##........# ###.##.#
#.########### #......##
##.# ###.......##
#..###########..........#
##.#........>...#........#
#...†#########..#......#.#
# #..### #@.###.##.#.# #
#).# #.S.......#.# # #..#
##.###.####.# ###..#
#.##...###.# .....#
#....#.....# ####.#
####...##### # #.# ##.## #
#.# #.# #
##.################.#


You could see an adder.

Vanquished Creatures
  A dart slug (D:1)
  3 endoplasms (D:1)
  A giant cockroach (D:1)
  2 goblins (D:1)
  A hobgoblin (D:1)
  3 jackals (D:1)
  A ball python (D:1)
  2 bats (D:1)
  A frilled lizard (D:1)
  3 kobolds
  2 rats (D:1)
20 creatures vanquished.

Notes
Turn   | Place    | Note
-------+----------+-------------------------------------------
     0 | D:1      | LynnLen the Spriggan Enchanter began the quest for the Orb.
     0 | D:1      | Reached XP level 1. HP: 9/9 MP: 5/5
   277 | D:1      | Reached XP level 2. HP: 12/13 MP: 6/6
   291 | D:1      | Learned a level 2 spell: Ensorcelled Hibernation
   664 | D:1      | Found Ebun's Antique Weapon Boutique.
   762 | D:1      | Succumbed to an adder's poison

Illustrated notes

Levels and vault maps discovered:
D:1:      dpeg_arrival_orchard, layout_loops_ring, serial_shops,
          nicolae_shop_trees
D:2:      layout_rooms

Action                     || total
---------------------------++-------
  Melee: Dagger            ||    60
   Cast: Ensorcelled Hiber ||     6
    Use: Potion            ||     1
   Stab: Sleeping          ||     8
 Armour: Robe              ||    14
  Dodge: Dodged            ||    39
